| TOP OF THE 1ST |
|
Cocoa Flyers batting - Pitching for Miami Whales : RHP Craig Jones
|
|
Pitching: RHP Craig Jones
|
|
|
Batting: RHB Danny Arroyo
|
0-0: Ball 1-0: Ball 2-0: SINGLE (Flyball, 4D, EV 82.5 MPH)
|
|
Batting: RHB Lorenzo Quintanilla
|
0-0: Called Strike 0-1: Ball 1-1: Ball 2-1: Swinging Strike 2-2: Fly out, F4 (Flyball, 34D, EV 83.1 MPH)
|
|
Batting: LHB Mike Jones
|
0-0: Called Strike 0-1: Ball 1-1: Called Strike 1-2: Ball Danny Arroyo steals 2nd base 2-2: Fly out, F9 (Flyball, 9D, EV 93.8 MPH) Runner from 2nd tags up, SAFE at 3rd, no throw by RF
|
|
Batting: LHB Gary Robertson
|
0-0: Called Strike 0-1: Foul Ball, location: 2F 0-2: Fly out, F8 (Flyball, 8LD, EV 100.6 MPH)
|
| Top of the 1st over - 0 runs, 1 hit, 0 errors, 1 left on base; Cocoa 0 - Miami 0 |
| BOTTOM OF THE 1ST |
|
Miami Whales batting - Pitching for Cocoa Flyers : RHP Ken Pryce
|
|
Pitching: RHP Ken Pryce
|
|
|
Batting: SHB Ramon Alcantara
|
0-0: Fly out, F9 (Flyball, 9LM, EV 78.8 MPH)
|
|
Batting: RHB Donald Hubbard
|
0-0: Ball 1-0: Fly out, F7 (Flyball, 7D, EV 88.8 MPH)
|
|
Batting: RHB Tom Grant
|
0-0: Ball 1-0: Ball 2-0: Ball 3-0: Base on Balls
|
|
Batting: LHB Lorenzo Bundy
|
0-0: Ball 1-0: Called Strike 1-1: Ball 2-1: Ball 3-1: Foul Ball, location: 2F 3-2: Foul Ball, location: 2F 3-2: Ground out 5-3 (Groundball, 56, EV 80.6 MPH)
|
| Bottom of the 1st over - 0 runs, 0 hits, 0 errors, 1 left on base; Cocoa 0 - Miami 0 |
| TOP OF THE 2ND |
|
Cocoa Flyers batting - Pitching for Miami Whales : RHP Craig Jones
|
|
Batting: RHB Larry McNutt
|
0-0: Ball 1-0: Foul Ball, location: 2F 1-1: SINGLE (Groundball, 25, EV 66.3 MPH) (infield hit)
|
|
Batting: SHB Rick Lockwood
|
0-0: Ball 1-0: Called Strike 1-1: Ball 2-1: Foul Ball, location: 2F 2-2: Strikes out swinging
|
|
Batting: RHB Jorge Diaz
|
0-0: Ball 1-0: Swinging Strike 1-1: Fly out, F8 (Flyball, 8RS, EV 91.9 MPH)
|
|
Batting: RHB David McClure
|
0-0: Called Strike 0-1: Called Strike 0-2: Foul Ball, location: 2F 0-2: Ground out 4-3 (Groundball, 34, EV 107.5 MPH)
|
| Top of the 2nd over - 0 runs, 1 hit, 0 errors, 1 left on base; Cocoa 0 - Miami 0 |
| BOTTOM OF THE 2ND |
|
Miami Whales batting - Pitching for Cocoa Flyers : RHP Ken Pryce
|
|
Batting: RHB Steve Benson
|
0-0: SINGLE (Line Drive, 4D, EV 101.3 MPH)
|
|
Batting: LHB Brad Garnett
|
0-0: Called Strike 0-1: Foul Ball, location: 2F 0-2: Ball 1-2: Ball 2-2: Ball 3-2: Foul Ball, location: 2F 3-2: SINGLE (Line Drive, 8RS, EV 100.6 MPH) Steve Benson to second
|
|
Batting: RHB Patrick Rubino
|
0-0: Foul Ball, location: 2F 0-1: Called Strike 0-2: Foul Ball, location: 2F 0-2: Foul Ball, location: 2F 0-2: Grounds into double play, 6-4-3 (Groundball, 56, EV 104.4 MPH) Steve Benson to third
|
|
Batting: SHB Philip Rossi
|
0-0: Ball 1-0: Ball 2-0: Fly out, F7 (Flyball, 7LS, EV 92.5 MPH)
|
| Bottom of the 2nd over - 0 runs, 2 hits, 0 errors, 1 left on base; Cocoa 0 - Miami 0 |
| TOP OF THE 3RD |
|
Cocoa Flyers batting - Pitching for Miami Whales : RHP Craig Jones
|
|
Batting: RHB Miguel Dominguez
|
0-0: Foul Ball, location: 2F 0-1: Called Strike 0-2: Strikes out swinging
|
|
Batting: RHB Danny Arroyo
|
0-0: Called Strike 0-1: Called Strike 0-2: Strikes out swinging
|
|
Batting: RHB Lorenzo Quintanilla
|
0-0: Foul Ball, location: 2F 0-1: Ball 1-1: Called Strike 1-2: Strikes out swinging
|
| Top of the 3rd over - 0 runs, 0 hits, 0 errors, 0 left on base; Cocoa 0 - Miami 0 |
| BOTTOM OF THE 3RD |
|
Miami Whales batting - Pitching for Cocoa Flyers : RHP Ken Pryce
|
|
Batting: RHB Jonathan Cordova
|
0-0: Ground out 5-3 (Groundball, 56S, EV 81.9 MPH)
|
|
Batting: SHB Ramon Alcantara
|
0-0: Ball 1-0: Ball 2-0: Fly out, F8 (Flyball, 8LD, EV 96.3 MPH)
|
|
Batting: RHB Donald Hubbard
|
0-0: Ball 1-0: Foul Ball, location: 2F 1-1: Ball 2-1: Fly out, F9 (Flyball, 9D, EV 92.5 MPH)
|
| Bottom of the 3rd over - 0 runs, 0 hits, 0 errors, 0 left on base; Cocoa 0 - Miami 0 |
| TOP OF THE 4TH |
|
Cocoa Flyers batting - Pitching for Miami Whales : RHP Craig Jones
|
|
Batting: LHB Mike Jones
|
0-0: Ball 1-0: Ball 2-0: Ball 3-0: Base on Balls
|
|
Batting: LHB Gary Robertson
|
0-0: Ball 1-0: Ball 2-0: Grounds into double play, 1-6-3 (Groundball, P, EV 70.6 MPH)
|
|
Batting: RHB Larry McNutt
|
0-0: Ball 1-0: Ball 2-0: Reached on error, E5 (Groundball, 56, EV 77.5 MPH)
|
|
Batting: SHB Rick Lockwood
|
0-0: Called Strike 0-1: Ball 1-1: Ball 2-1: Fielders Choice at 2nd, 6-4 (Groundball, 6, EV 88.1 MPH)
|
| Top of the 4th over - 0 runs, 0 hits, 1 error, 1 left on base; Cocoa 0 - Miami 0 |
| BOTTOM OF THE 4TH |
|
Miami Whales batting - Pitching for Cocoa Flyers : RHP Ken Pryce
|
|
Batting: RHB Tom Grant
|
0-0: Ball 1-0: Called Strike 1-1: Called Strike 1-2: Foul Ball, location: 2F 1-2: Fly out, F4 (Line Drive, 4, EV 66.9 MPH)
|
|
Batting: LHB Lorenzo Bundy
|
0-0: Ground out 4-3 (Groundball, 4, EV 83.8 MPH)
|
|
Batting: RHB Steve Benson
|
0-0: Fly out, F6 (Popup, 6MS, EV 66.3 MPH)
|
| Bottom of the 4th over - 0 runs, 0 hits, 0 errors, 0 left on base; Cocoa 0 - Miami 0 |
| TOP OF THE 5TH |
|
Cocoa Flyers batting - Pitching for Miami Whales : RHP Craig Jones
|
|
Batting: RHB Jorge Diaz
|
0-0: Swinging Strike 0-1: Ball 1-1: Ball 2-1: Ball 3-1: Called Strike 3-2: Foul Ball, location: 2F 3-2: Base on Balls
|
|
Batting: RHB David McClure
|
0-0: Ball 1-0: Ball 2-0: Called Strike 2-1: Called Strike 2-2: Strikes out looking
|
|
Batting: RHB Miguel Dominguez
|
0-0: Ball 1-0: Called Strike 1-1: Ball 2-1: Foul Ball, location: 2F 2-2: Ball 3-2: Base on Balls Jorge Diaz to second
|
|
Batting: RHB Danny Arroyo
|
0-0: Ball 1-0: Ball Wild Pitch! Jorge Diaz to third Miguel Dominguez to second 2-0: Foul Ball, location: 2F 2-1: Swinging Strike 2-2: Ball 3-2: SINGLE (Groundball, 34D, EV 109.4 MPH) Jorge Diaz scores Miguel Dominguez to third Runner from 3rd tries for Home, SAFE, throw by RF to home
|
|
Batting: RHB Lorenzo Quintanilla
|
0-0: Ground out 4-3 (Groundball, 13, EV 89.4 MPH) Danny Arroyo to second
|
|
Batting: LHB Mike Jones
|
0-0: Called Strike 0-1: Called Strike 0-2: Ball 1-2: Ball 2-2: Ball 3-2: Foul Ball, location: 2F 3-2: SINGLE (Groundball, 56D, EV 94.4 MPH) Danny Arroyo to third Danny Arroyo scores
|
|
Batting: LHB Gary Robertson
|
0-0: Ball 1-0: Called Strike 1-1: Ball 2-1: Ball 3-1: Swinging Strike 3-2: SINGLE (Line Drive, 89S, EV 105.6 MPH) Mike Jones to second Mike Jones to third
|
|
Batting: RHB Larry McNutt
|
0-0: Ball 1-0: DOUBLE (Line Drive, 78XD, EV 103.8 MPH) Mike Jones scores Gary Robertson to third Runner from 3rd tries for Home, SAFE, no throw by LF
|
|
Batting: SHB Rick Lockwood
|
0-0: Ball 1-0: Foul Ball, location: 2F 1-1: Ball 2-1: Foul Ball, location: 2F 2-2: Ball 3-2: Base on Balls
|
|
Batting: RHB Jorge Diaz
|
0-0: Called Strike 0-1: Ball 1-1: Ground out 1-3 (Groundball, 13S, EV 65.0 MPH)
|
| Top of the 5th over - 5 runs, 4 hits, 0 errors, 2 left on base; Cocoa 5 - Miami 0 |
| BOTTOM OF THE 5TH |
|
Miami Whales batting - Pitching for Cocoa Flyers : RHP Ken Pryce
|
|
Batting: LHB Brad Garnett
|
0-0: Ball 1-0: Ball 2-0: Ball 3-0: Base on Balls
|
|
Batting: RHB Patrick Rubino
|
0-0: Ball 1-0: Ball 2-0: Foul Ball, location: 2F 2-1: Fly out, F9 (Flyball, 9LM, EV 81.3 MPH)
|
|
Batting: SHB Philip Rossi
|
0-0: Ball 1-0: Ball 2-0: TRIPLE (Flyball, 9LD, EV 98.1 MPH) Brad Garnett scores
|
|
Batting: RHB Jonathan Cordova
|
0-0: Ball 1-0: Ball 2-0: SINGLE (Groundball, 56D, EV 101.3 MPH) Philip Rossi scores
|
|
Batting: SHB Ramon Alcantara
|
0-0: Ball 1-0: Ball 2-0: Called Strike 2-1: Called Strike 2-2: Foul Ball, location: 2F 2-2: Ball 3-2: Base on Balls Jonathan Cordova to second
|
|
Batting: RHB Donald Hubbard
|
0-0: Foul Ball, location: 2F 0-1: Ball 1-1: Fly out, F8 (Flyball, 8RD, EV 98.1 MPH) Runner from 2nd tags up, SAFE at 3rd with throw by CF
|
|
Batting: RHB Tom Grant
|
0-0: Called Strike 0-1: Fly out, F8 (Flyball, 89M, EV 90.0 MPH)
|
| Bottom of the 5th over - 2 runs, 2 hits, 0 errors, 2 left on base; Cocoa 5 - Miami 2 |
| TOP OF THE 6TH |
|
Cocoa Flyers batting - Pitching for Miami Whales : RHP Craig Jones
|
|
Batting: RHB David McClure
|
0-0: Ball 1-0: Ball 2-0: Foul Ball, location: 2F 2-1: Ball 3-1: Called Strike 3-2: Foul Ball, location: 2F 3-2: Strikes out swinging, 2-3 out at first.
|
|
Batting: RHB Miguel Dominguez
|
0-0: Ball 1-0: Ball 2-0: Fly out, F6 (Popup, P, EV 88.8 MPH)
|
|
Batting: RHB Danny Arroyo
|
0-0: Fly out, F1 (Line Drive, P, EV 73.8 MPH)
|
| Top of the 6th over - 0 runs, 0 hits, 0 errors, 0 left on base; Cocoa 5 - Miami 2 |
| BOTTOM OF THE 6TH |
|
Miami Whales batting - Pitching for Cocoa Flyers : RHP Ken Pryce
|
|
Batting: LHB Lorenzo Bundy
|
0-0: Ball 1-0: Ball 2-0: Foul Ball, location: 2F 2-1: Called Strike 2-2: Ball 3-2: Fly out, F8 (Flyball, 8LS, EV 83.8 MPH)
|
|
Batting: RHB Steve Benson
|
0-0: SINGLE (Line Drive, 4MD, EV 97.5 MPH)
|
|
Batting: LHB Brad Garnett
|
0-0: Called Strike 0-1: Ball 1-1: Swinging Strike 1-2: SINGLE (Groundball, 4MS, EV 66.9 MPH) (infield hit) Steve Benson to second
|
|
Batting: RHB Patrick Rubino
|
0-0: Called Strike 0-1: Ball 1-1: Foul Ball, location: 2F 1-2: Foul Ball, location: 2F 1-2: Foul Ball, location: 2F 1-2: Grounds into double play, 4-6-3 (Groundball, 4, EV 100.6 MPH)
|
| Bottom of the 6th over - 0 runs, 2 hits, 0 errors, 1 left on base; Cocoa 5 - Miami 2 |
| TOP OF THE 7TH |
|
Cocoa Flyers batting - Pitching for Miami Whales : RHP Craig Jones
|
|
Batting: RHB Lorenzo Quintanilla
|
0-0: Fly out, F6 (Line Drive, 6, EV 73.1 MPH)
|
|
Batting: LHB Mike Jones
|
0-0: Fly out, F9 (Flyball, 89D, EV 80.0 MPH)
|
|
Batting: LHB Gary Robertson
|
0-0: Swinging Strike 0-1: Called Strike 0-2: Fly out, F4 (Popup, 4M, EV 76.3 MPH)
|
| Top of the 7th over - 0 runs, 0 hits, 0 errors, 0 left on base; Cocoa 5 - Miami 2 |
| BOTTOM OF THE 7TH |
|
Miami Whales batting - Pitching for Cocoa Flyers : RHP Ken Pryce
|
|
Batting: SHB Philip Rossi
|
0-0: Foul Ball, location: 2F 0-1: Ball 1-1: Ground out 4-3 (Groundball, 4, EV 80.6 MPH)
|
|
Batting: RHB Jonathan Cordova
|
0-0: Fly out, F7 (Line Drive, 7, EV 90.6 MPH)
|
|
Batting: SHB Ramon Alcantara
|
0-0: Ball 1-0: Called Strike 1-1: Ball 2-1: Foul Ball, location: 2F 2-2: Ball 3-2: Foul Ball, location: 2F 3-2: Base on Balls
|
|
Batting: RHB Donald Hubbard
|
0-0: Called Strike 0-1: Ball 1-1: Ball 2-1: Called Strike 2-2: Foul Ball, location: 2F 2-2: Ball 3-2: Ground out 1-3 (Groundball, 15, EV 68.8 MPH)
|
| Bottom of the 7th over - 0 runs, 0 hits, 0 errors, 1 left on base; Cocoa 5 - Miami 2 |
| TOP OF THE 8TH |
|
Cocoa Flyers batting - Pitching for Miami Whales : RHP Craig Jones
|
|
Pitching: RHP Michael Befort
|
|
|
Batting: RHB Larry McNutt
|
0-0: Foul Ball, location: 2F 0-1: Foul Ball, location: 2F 0-2: Ball 1-2: DOUBLE (Groundball, 5L, EV 103.8 MPH)
|
|
Batting: SHB Rick Lockwood
|
0-0: Intentional Walk
|
|
Batting: RHB Jorge Diaz
|
0-0: Bunt missed! 0-1: Ball 1-1: Bunted foul 1-2: Strikes out swinging
|
|
Batting: RHB David McClure
|
0-0: Fly out, F9 (Flyball, 89M, EV 94.4 MPH)
|
|
Batting: RHB Miguel Dominguez
|
0-0: Foul Ball, location: 2F 0-1: Foul Ball, location: 2F 0-2: Ball 1-2: Fly out, F7 (Flyball, 7S, EV 84.4 MPH)
|
| Top of the 8th over - 0 runs, 1 hit, 0 errors, 2 left on base; Cocoa 5 - Miami 2 |
| BOTTOM OF THE 8TH |
|
Miami Whales batting - Pitching for Cocoa Flyers : RHP Ken Pryce
|
|
Batting: RHB Tom Grant
|
0-0: Called Strike 0-1: Swinging Strike 0-2: Strikes out swinging
|
|
Batting: LHB Lorenzo Bundy
|
0-0: Foul Ball, location: 2F 0-1: Called Strike 0-2: Ball 1-2: Ball 2-2: Ball 3-2: Base on Balls
|
|
Pitching: LHP Clifford Mackey
|
|
|
Batting: RHB Steve Benson
|
0-0: Ball 1-0: Ball 2-0: Ball 3-0: Base on Balls Lorenzo Bundy to second
|
|
Batting: LHB Brad Garnett
|
0-0: Called Strike 0-1: Ball 1-1: Foul Ball, location: 2F 1-2: Ball 2-2: Ball 3-2: Foul Ball, location: 2F 3-2: Fielders Choice at 2nd, 3-6 (Groundball, 34S, EV 80.6 MPH) Lorenzo Bundy to third
|
|
Batting: RHB Patrick Rubino
|
0-0: Ball 1-0: Swinging Strike 1-1: Foul Ball, location: 2F 1-2: Fly out, F7 (Flyball, 7, EV 96.3 MPH)
|
| Bottom of the 8th over - 0 runs, 0 hits, 0 errors, 2 left on base; Cocoa 5 - Miami 2 |
| TOP OF THE 9TH |
|
Cocoa Flyers batting - Pitching for Miami Whales : RHP Michael Befort
|
|
Batting: RHB Danny Arroyo
|
0-0: Ball 1-0: Foul Ball, location: 2F 1-1: Called Strike 1-2: Strikes out swinging
|
|
Batting: RHB Lorenzo Quintanilla
|
0-0: Ball 1-0: Ball 2-0: Ball 3-0: TRIPLE (Line Drive, 8LXD, EV 110.0 MPH)
|
|
Batting: LHB Mike Jones
|
0-0: Ball 1-0: Ball 2-0: Fly out, F8 (Flyball, 78M, EV 86.9 MPH)
|
|
Batting: LHB Gary Robertson
|
0-0: Ball 1-0: Ball 2-0: Ground out 4-3 (Groundball, 4, EV 78.8 MPH)
|
| Top of the 9th over - 0 runs, 1 hit, 0 errors, 1 left on base; Cocoa 5 - Miami 2 |
| BOTTOM OF THE 9TH |
|
Miami Whales batting - Pitching for Cocoa Flyers : LHP Clifford Mackey
|
|
Now in RF: Michael Palmer
|
|
|
Batting: SHB Philip Rossi
|
0-0: Ball 1-0: SINGLE (Line Drive, 8RS, EV 100.6 MPH)
|
|
Batting: RHB Jonathan Cordova
|
0-0: SINGLE (Groundball, 34S, EV 83.1 MPH) (infield hit) Philip Rossi to second
|
|
Pitching: RHP Jeffery Vail
|
|
|
Batting: SHB Ramon Alcantara
|
0-0: Ball 1-0: Called Strike 1-1: Foul Ball, location: 2F 1-2: Ball 2-2: Ball 3-2: Foul Ball, location: 2F 3-2: Foul Ball, location: 2F 3-2: Fielders Choice at 2nd, 2-6 (Groundball, 13S, EV 70.0 MPH) Philip Rossi to third
|
|
Batting: RHB Donald Hubbard
|
0-0: Called Strike 0-1: SINGLE (Groundball, 6MD, EV 101.3 MPH) Philip Rossi scores Ramon Alcantara to second
|
|
Batting: RHB Tom Grant
|
0-0: Ball 1-0: Ball Wild Pitch! Ramon Alcantara to third Donald Hubbard to second 2-0: Swinging Strike 2-1: Foul Ball, location: 2F 2-2: Ground out 2-3 (Groundball, 15S, EV 61.3 MPH)
|
|
Batting: LHB Lorenzo Bundy
|
0-0: Ball 1-0: Called Strike 1-1: Ball 2-1: Foul Ball, location: 2F 2-2: Ball 3-2: Foul Ball, location: 2F 3-2: Foul Ball, location: 2F 3-2: Base on Balls
|
|
Pitching: RHP Curtis Reade
|
|
|
Batting: RHB Steve Benson
|
0-0: Called Strike 0-1: Ball 1-1: Ball 2-1: Called Strike 2-2: Strikes out swinging
|
| Bottom of the 9th over - 1 run, 3 hits, 0 errors, 3 left on base; Cocoa 5 - Miami 3 |
|